 Dungeon Crawl Stone Soup version 0.30-a0-21-g5d08c37080 (webtiles) character file.

Game seed: 7201665797806806368

2761 Araneus the Grappler (level 9, -2/60 (65) HPs)
             Began as a Demonspawn Monk on Aug 24, 2022.
             Slain by a wight
             ... wielding a +5 falchion
              (14 damage)
             ... on level 7 of the Dungeon.
             The game lasted 00:16:07 (8076 turns).

Araneus the Grappler (Demonspawn Monk)              Turns: 8076, Time: 00:16:07

HP:   -2/60 (65)    AC: 10    Str: 16    XL:     9   Next: 42%
MP:   9/9           EV: 15    Int: 12    God:
Gold: 449           SH:  0    Dex: 15    Spells: 8/8 levels left

rFire   . . .      SeeInvis .      - Unarmed
rCold   . . .      Faith    .    (no shield)
rNeg    . . .      Spirit   .    a - +3 leather armour
rPois   +          Reflect  .    k - +0 helmet
rElec   .          Harm     .    j - +2 cloak
rCorr   +          Rampage  .    (no gloves)
Will    .....                    (no boots)
Stlth   ++........               (no amulet)
HPRegen 0.20/turn                i - ring of resist corrosion
MPRegen 0.11/turn                c - ring of poison resistance

@: drained
A: hooves 1, repulsion field 1, demonic magic 3
a: no special abilities


You were on level 7 of the Dungeon.
You visited 2 branches of the dungeon, and saw 8 of its levels.

You collected 449 gold pieces.

Inventory:

Armour
 a - a +3 leather armour (worn)
 j - a +2 cloak (worn)
 k - a +0 helmet (worn)
Jewellery
 c - a ring of poison resistance (right hand)
 i - a ring of resist corrosion (left hand)
 u - a ring of fire
Wands
 f - a wand of flame (49)
 h - a wand of mindburst (10)
Scrolls
 e - a scroll of brand weapon
 g - 2 scrolls of identify
 m - 3 scrolls of fear
Potions
 b - 2 potions of ambrosia
 d - 3 potions of flight
 l - a potion of haste {unknown}
 o - a potion of cancellation
 s - 4 potions of curing


   Skills:
 + Level 4.2 Fighting
 + Level 3.0 Armour
 + Level 4.9 Dodging
 - Level 1.7 Stealth
 * Level 10.6 Unarmed Combat


You had 8 spell levels left.
You didn't know any spells.
Your spell library contained the following spells:

 Spells                   Type           Power      Damage    Failure   Level
 Apportation              Tloc           0%         N/A       36%         1
 Necrotise                Necr           0%         1d4       36%         1
 Shock                    Conj/Air       0%         1d3       36%         1
 Summon Small Mammal      Summ           0%         N/A       36%         1
 Ozocubu's Armour         Ice            0%         N/A       75%         3
 Vampiric Draining        Necr           0%         2d6       75%         3
 Animate Dead             Necr           0%         N/A       98%         4
 Agony                    Necr           0%         N/A       100%        5
 Alistair's Intoxication  Tmut/Pois      0%         N/A       100%        5
 Metabolic Englaciation   Hex/Ice        0%         N/A       100%        5
 Simulacrum               Ice/Necr       0%         N/A       100%        6


Dungeon Overview and Level Annotations

Branches:
Dungeon (7/15)             Temple (1/1) D:6

Altars:
Ashenzari
Cheibriados
Dithmenos
Fedhas
Gozag
Hepliaklqana
Kikubaaqudgha
Makhleb
Nemelex Xobeh
Qazlal
Ru
Sif Muna
Trog
Uskayaw
Vehumet
Wu Jian
Xom
Yredelemnul


Innate Abilities, Weirdness & Mutations

You have large cloven feet.
You are surrounded by a mild repulsion field. (EV +2)
Spells you cast and wands you use may paralyse nearby enemies.


Message History

You hit the wight but do no damage. You kick the wight, but do no damage.
The wight is severely damaged.
The wight hits you with a +5 halberd of freezing.
You feel drained. The wight freezes you.
You punch the wight!
You destroy the wight!
The wight hits you with a +5 falchion!
Items here: $ ) ? [.
You are too injured to fight recklessly!
You are too injured to fight recklessly!
You are too injured to fight recklessly!
You are too injured to fight recklessly!
You hit the wight. Your kick misses the wight.
The wight is moderately damaged.
The wight closely misses you.
You punch the wight! Your kick misses the wight.
The wight is almost destroyed.
You closely miss the wight. Your kick misses the wight.
The wight is almost destroyed.
The wight barely misses you.
You punch the wight!
You destroy the wight!
You closely miss the wight. Your kick misses the wight.
Your punch misses the wight. The wight hits you with a +5 falchion.
You feel drained.
You hit the wight. You kick the wight, but do no damage.
The wight is moderately damaged.
The wight hits you with a +5 falchion!
* * * LOW HITPOINT WARNING * * *
You feel drained.
* * * LOW HITPOINT WARNING * * *
You closely miss the wight.
The wight is moderately damaged.
You closely miss the wight. Your kick misses the wight.
The wight is moderately damaged.
The wight closely misses you.
You barely miss the wight. Your kick misses the wight.
The wight is moderately damaged.
The wight hits you with a +5 falchion!
You die...

.).# #...#.##.... ..#
#...#..##... .## #...#...# .. ###
.######...#..## #.##..#
..............## ...#.####.
...............###..#......
>...............#......#
#######...#...##.##.##.# #
#...#...##@##.#..## #
##...#...##z#......# #
#.(.....###)#..#.#.#######
#....##.# #....(.........#
#....##.# ###..#.#....##.###
#....##.# #......#..##....
#.##.##.# ##.#.>#.......#.#
######.##.##.# ##.......#..#.....
..##.........###..##..###..##.#.#


You could see a wight.

Vanquished Creatures
  A two-headed ogre (D:6)
  A steam dragon (D:6)
  Edmund (D:4)
  A water moccasin (D:6)
  A sky beast (D:5)
  2 ice beasts
  An orc warrior (D:6)
  A black bear (D:7)
  An ogre (D:5)
  A phantom (D:6)
  4 necrophages
  A gnoll sergeant (D:5)
  A scorpion (D:4)
  2 wights (D:7)
  An orc priest (D:6)
  5 hounds
  An iguana (D:6)
  Natasha (thrice) (D:4)
  6 orc wizards
  8 gnolls
  3 river rats (D:4)
  8 adders
  An ufetubus (D:6)
  2 worms
  5 dart slugs
  20 orcs
  3 bats
  11 endoplasms
  4 giant cockroaches
  5 goblins
  4 hobgoblins
  3 quokkas
  10 ball pythons
  3 frilled lizards
  5 kobolds
  9 rats
139 creatures vanquished.

Vanquished Creatures (others)
  An orc wizard (D:6)
1 creature vanquished.

Grand Total: 140 creatures vanquished

Notes
Turn   | Place    | Note
-------+----------+-------------------------------------------
     0 | D:1      | Araneus the Demonspawn Monk began the quest for the Orb.
     0 | D:1      | Reached XP level 1. HP: 18/18 MP: 1/1
   377 | D:1      | Reached skill level 3 in Unarmed Combat
   380 | D:1      | Gained mutation: You have large cloven feet. [demonic
                  | ancestry]
   380 | D:1      | Reached XP level 2. HP: 9/24 MP: 2/2
  1062 | D:1      | Reached XP level 3. HP: 27/29 MP: 3/3
  1545 | D:2      | Reached skill level 4 in Unarmed Combat
  1740 | D:2      | Reached XP level 4. HP: 35/35 MP: 4/4
  2272 | D:2      | Identified the +10 sling "Fual" {flame, rF+}
  2737 | D:3      | Reached XP level 5. HP: 29/41 MP: 5/5
  3052 | D:3      | Reached skill level 5 in Unarmed Combat
  3732 | D:3      | Found a faded altar of an unknown god.
  3825 | D:4      | Noticed Edmund
  3840 | D:4      | Killed Edmund
  3841 | D:4      | Gained mutation: Spells you cast may paralyse adjacent
                  | enemies. [demonic ancestry]
  3841 | D:4      | Reached XP level 6. HP: 45/47 MP: 6/6
  4080 | D:4      | Noticed Natasha
  4086 | D:4      | Killed Natasha
  4138 | D:4      | Reached skill level 6 in Unarmed Combat
  4268 | D:4      | Noticed Natasha
  4277 | D:4      | Killed Natasha
  4294 | D:4      | Noticed Natasha
  4302 | D:4      | Killed Natasha
  4752 | D:4      | Gained mutation: Spells you cast may paralyse nearby
                  | enemies. [demonic ancestry]
  4752 | D:4      | Reached XP level 7. HP: 18/52 MP: 7/7
  5086 | D:5      | Entered Level 5 of the Dungeon
  5194 | D:5      | Reached skill level 1 in Armour
  5194 | D:5      | Reached skill level 7 in Unarmed Combat
  5428 | D:5      | Found an opulent altar of Gozag.
  5432 | D:5      | Found a hazy altar of Hepliaklqana.
  6203 | D:5      | Reached skill level 8 in Unarmed Combat
  6203 | D:5      | Gained mutation: Spells you cast and wands you use may
                  | paralyse nearby enemies. [demonic ancestry]
  6203 | D:5      | Reached XP level 8. HP: 60/60 MP: 8/8
  6468 | D:6      | Found a shimmering blue altar of Sif Muna.
  6470 | D:6      | Found a staircase to the Ecumenical Temple.
  6480 | Temple   | Entered the Ecumenical Temple
  6570 | D:6      | Got Sif Muna's Omnibus of Ozone
  6706 | D:6      | Noticed a two-headed ogre
  6843 | D:6      | Reached skill level 9 in Unarmed Combat
  7085 | D:6      | Found a radiant altar of Vehumet.
  7379 | D:6      | Got the Compendium of the Doomed Stinger
  7684 | D:6      | Killed a two-headed ogre
  7685 | D:6      | Reached skill level 10 in Unarmed Combat
  7685 | D:6      | Gained mutation: You are surrounded by a mild repulsion
                  | field. (EV +2) [demonic ancestry]
  7685 | D:6      | Reached XP level 9. HP: 41/65 MP: 9/9
  8055 | D:7      | Found an ancient bone altar of Kikubaaqudgha.
  8076 | D:7      | Slain by a wight

Illustrated notes

Levels and vault maps discovered:
D:1:      dpeg_arrival_more_subterranean_lakeside_camping, layout_loops_ring
D:2:      layout_basic
D:3:      layout_loops_cross, chequers_ecumenical_altar_grove
D:4:      layout_gridville, portal_sewer_entry_b, minmay_between, uniq_edmund,
          uniq_natasha
D:5:      layout_gridville, lemuel_crystal_altar,
          mainiacjoe_overflow_cross_hatched, skrybe_limestone_x,
          lightli_minifort
D:6:      layout_basic, led_sif_book, tso_metal_star,
          mainiacjoe_overflow_catwalk, minmay_temple_entry_junction,
          chequers_serial_rivers_small_a, hangedman_abyss_or_decor_lesser_grid
D:7:      layout_loops_cross, lemuel_round_altar, serial_glass, glass_columns_a,
          glass_columns_b, glass_columns_b, glass_columns_a
Temple:   nicolae_temple_ecumenical_triangle

Skill      XL: |  1  2  3  4  5  6  7  8 |
---------------+-------------------------+-----
Unarmed Combat | 3 4 5 6 8 10 | 10.6
Dodging        | 3 4 |  4.9
Armour         | 2 3 |  3.0
Fighting       | 4 |  4.2
Stealth        | |  1.7

Action                   |  1- 3 |  4- 6 |  7- 9 || total
-------------------------+-------+-------+-------++-------
Melee: Unarmed           |   109 |   213 |   242 ||   564
       Kick              |    21 |    63 |    67 ||   151
       Punch             |       |     5 |    13 ||    18
  Use: Potion            |       |     9 |     4 ||    13
       Scroll            |       |     8 |     4 ||    12
 Stab: Sleeping          |     6 |     5 |       ||    11
       Distracted        |       |     1 |       ||     1
Armor: Robe              |    14 |    18 |       ||    32
       Ring mail         |       |    17 |       ||    17
       Leather armour    |       |    12 |    91 ||   103
Dodge: Dodged            |    59 |   125 |   118 ||   302

Table legend: (Time is in decaauts)
 A = Elapsed time spent in this place.
 B = Non-inter-level travel time spent in this place.
 C = Inter-level travel time spent in this place.
 D = Time resting spent in this place.
 E = Time spent auto-exploring this place.
 F = Levels seen in this place.
 G = Mean time per level.
                   A        B        C        D        E       F      G
               +--------+--------+--------+--------+--------+-----+--------+
         Total |   8040 |   7800 |    240 |      0 |   6472 |   8 | 1005.0 |
       Dungeon |   7996 |   7762 |    234 |      0 |   6442 |   7 | 1142.3 |
        Temple |     43 |     37 |      6 |      0 |     30 |   1 |   43.0 |
               +--------+--------+--------+--------+--------+-----+--------+

Top non-repeatable levels by time:
     D:3: 1442 daAuts
     D:5: 1386 daAuts
     D:1: 1347 daAuts
     D:4: 1280 daAuts
     D:6: 1180 daAuts
     D:2: 997 daAuts
     D:7: 361 daAuts
  Temple: 43 daAuts
